 Dungeon Crawl Stone Soup version 0.17.0-23-g0de4337 (webtiles) character file.

353 dvd the Sneak (level 6, -1/29 HPs)
             Began as a Spriggan Enchanter on Nov 14, 2015.
             Slain by a killer bee (5 damage)
             ... on level 3 of the Dungeon.
             The game lasted 00:12:53 (3376 turns).

dvd the Sneak (Spriggan Enchanter)                  Turns: 3376, Time: 00:12:53

Health: -1/29      AC:  3    Str:  4    XL:     6   Next: 35%
Magic:  7/13       EV: 19    Int: 18    God:
Gold:   125        SH:  0    Dex: 17    Spells: 4 memorised, 4 levels left

rFire  . . .     SeeInvis +     a - +1 dagger
rCold  . . .     Clarity  .     b - +1 robe
rNeg   . . .     SustAt   .     (shield restricted)
rPois  .         Gourm    .     (helmet restricted)
rElec  .         Spirit   .     (no cloak)
rCorr  .         Warding  .     (gloves unavailable)
rMut   .         Stasis   .     (boots unavailable)
MR     +....                    (no amulet)
Stlth  ++........               (no ring)
                                (no ring)

@: confused, lethally poisoned (-1 -> -18), flying, very quick, somewhat
resistant to hostile enchantments, unstealthy
A: unfitting armour, see invisible, herbivore 3, speed 3, slow metabolism 2
a: no special abilities


You were on level 3 of the Dungeon.
You were not hungry.

You visited 1 branch of the dungeon, and saw 4 of its levels.

You collected 125 gold pieces.

Inventory:

Hand Weapons
 a - a +1 dagger (weapon)
 g - a +0 short sword
 h - a +0 hunting sling
 q - a cursed -1 dagger
 x - a +0 rapier
Missiles
 i - 38 stones (quivered)
 k - 31 arrows
 m - 23 sling bullets
 n - 7 tomahawks
Armour
 b - a +1 robe (worn)
Wands
 A - a wand of digging (2)
 B - a wand of digging (5)
 C - a wand of slowing (19)
Scrolls
 f - a scroll of remove curse {unknown}
 j - 4 scrolls of identify {unknown}
 t - a scroll of fog {unknown}
 w - 2 scrolls of recharging {unknown}
 y - a scroll of teleportation {unknown}
Potions
 e - a potion of ambrosia
 l - a potion of flight
 o - a potion of curing {unknown}
 p - a potion of poison {unknown}
 s - 2 potions of heal wounds {unknown}
 u - a potion of agility {unknown}
 v - 2 potions of invisibility {unknown}
 z - a potion of might {unknown}
Books
 c - a book of Maledictions

   Spells                             Type                      Level
   a - Corona                         Hexes                        1
   b - Ensorcelled Hibernation        Hexes/Ice                    2
   c - Confuse                        Hexes                        3
   d - Tukima's Dance                 Hexes                        3
   e - Dazzling Spray                 Conjuration/Hexes            3
Comestibles
 d - 2 bread rations
 r - 3 slices of pizza


   Skills:
 + Level 0.4 Fighting
 + Level 1.5 Short Blades
 + Level 4.3 Dodging
 + Level 7.4 Stealth
 * Level 4.2 Spellcasting
 * Level 4.8 Hexes
 * Level 1.6 Ice Magic


You had 4 spell levels left.
You knew the following spells:

 Your Spells              Type           Power        Failure   Level  Hunger
a - Corona                Hex            ###....      1%          1    None
b - Ensorcelled Hibernat  Hex/Ice        ###...       8%          2    ##.....
c - Confuse               Hex            ###.....     10%         3    ###....
d - Tukima's Dance        Hex            ###.....     10%         3    ###....


Dungeon Overview and Level Annotations

Branches:
Dungeon (4/15)
 Temple: D:4-7

Altars:
Ru
Vehumet
Zin

Shops:
D:3 *


Innate Abilities, Weirdness & Mutations

You are tiny and cannot use many weapons and most armour.
You have supernaturally acute eyesight.
You are a herbivore.
You cover ground extremely quickly.
You need consume almost no food.


Message History

Aim: a killer bee (chance to defeat MR: 54%)
The killer bee resists with significant effort.
The killer bee stings you!
* * * LOW HITPOINT WARNING * * *
You are lethally poisoned!
The killer bee poisons you! The killer bee misses you.
Drink which item? (? for menu, Esc to quit)
It was a potion of ambrosia.
You are confused.
You feel invigorated.
You feel sick. The killer bee stings you.
You are more poisoned.
The killer bee poisons you! The killer bee stings you!
* * * LOW HITPOINT WARNING * * *
Drink which item? (? for menu, Esc to quit)
It was a potion of flight.
You feel very buoyant.
You fly up into the air.
* * * LOW HITPOINT WARNING * * *
You feel sick. The killer bee stings you.
You die...

##################
###########@..[.............
#.........y.......##########
###.#######.#####.# #....
#.# #.# #.# #.... #.#
#.#####.######....
#.#######.................
#.#.....[..####.######....
#.#.#####..##......# #....
#.#.#<..#..##......# #....


You could see a killer bee.

Vanquished Creatures
  4 killer bees (D:4)
  2 orc wizards (D:3)
  Jessica (D:3)
  4 adders
  2 oozes
  7 orcs (D:3)
  4 hobgoblins
  6 bats
  A giant cockroach (D:3)
  A giant gecko (D:2)
  A giant newt (D:3)
  6 goblins
  10 kobolds
  7 rats
56 creatures vanquished.

Notes
Turn   | Place    | Note
--------------------------------------------------------------
     0 | D:1      | dvd the Spriggan Enchanter began the quest for the Orb.
     0 | D:1      | Reached XP level 1. HP: 9/9 MP: 5/5
   291 | D:1      | Reached XP level 2. HP: 13/13 MP: 4/6
   296 | D:1      | Learned a level 2 spell: Ensorcelled Hibernation
   468 | D:1      | Reached skill level 5 in Stealth
   689 | D:1      | Reached XP level 3. HP: 16/16 MP: 8/8
  1316 | D:2      | Learned a level 3 spell: Confuse
  1378 | D:2      | Found a radiant altar of Vehumet.
  1665 | D:3      | Noticed Jessica
  1674 | D:3      | Killed Jessica
  1674 | D:3      | Reached skill level 6 in Stealth
  1674 | D:3      | Reached XP level 4. HP: 11/21 MP: 4/9
  1839 | D:3      | Found Zin's Purification Station.
  1839 | D:3      | Found a glowing silver altar of Zin.
  1965 | D:3      | Reached skill level 1 in Ice Magic
  2328 | D:3      | Learned a level 3 spell: Tukima's Dance
  2452 | D:3      | Reached XP level 5. HP: 25/25 MP: 6/11
  3343 | D:4      | Found a sacrificial altar of Ru.
  3349 | D:4      | Reached skill level 7 in Stealth
  3349 | D:4      | Reached XP level 6. HP: 29/29 MP: 9/13
  3376 | D:3      | Slain by a killer bee

Action                   |  1- 3 |  4- 6 || total
-------------------------+-------+-------++-------
Melee: Dagger            |    52 |    44 ||    96
 Cast: Corona            |     9 |       ||     9
       Ensorcelled Hiber |    19 |    27 ||    46
  Use: Potion            |       |     2 ||     2
 Stab: Sleeping          |    26 |    17 ||    43
       Distracted        |     1 |       ||     1
  Eat: Bread ration      |       |     1 ||     1
